 Dungeon Crawl Stone Soup version 0.20.1-1-g8b1a95d (console) character file.

113 hilaritas the Slasher (level 4, -3/38 HPs)
             Began as a Demonspawn Abyssal Knight on Dec 10, 2017.
             Was a Priest of Lugonu.
             Slain by an ice beast (12 damage)
             ... on level 3 of the Dungeon.
             The game lasted 00:05:09 (2644 turns).

hilaritas the Slasher (Demonspawn Abyssal Knight)   Turns: 2644, Time: 00:05:10

Health: -3/38      AC:  5    Str: 13    XL:     4   Next: 65%
Magic:  6/6        EV: 11    Int: 18    God:    Lugonu [***...]
Gold:   81         SH:  0    Dex: 13    Spells: 3/3 levels left

rFire    . . .     SeeInvis .   a - +1 falchion
rCold    . . .     Gourm    .   (no shield)
rNeg     . . .     Faith    .   b - +0 leather armour
rPois    .         Spirit   .   (helmet restricted)
rElec    .         Reflect  .   (no cloak)
rCorr    .         Harm     .   n - +0 pair of gloves
MR       .....                  (no boots)
Stlth    +.........             (no amulet)
Regen    0.2/turn               (no ring)
MPRegen  0.1/turn               (no ring)

@: brilliant
A: horns 1, rugged brown scales 1
a: Depart the Abyss, Bend Space, Banish, Renounce Religion


You were on level 3 of the Dungeon.
You worshipped Lugonu.
Lugonu was most pleased with you.
You were not hungry.

You visited 1 branch of the dungeon, and saw 3 of its levels.
You visited the Abyss 1 time.

You collected 81 gold pieces.

Inventory:

Hand Weapons
 a - a +1 falchion (weapon)
 l - a cursed -1 dagger
 q - a +0 dagger
Armour
 b - a +0 leather armour (worn)
 n - a +0 pair of gloves (worn)
Jewellery
 r - a +4 ring of evasion {unknown}
 w - an uncursed amulet of the gourmand {unknown}
Scrolls
 f - 5 scrolls of magic mapping {unknown}
 g - 2 scrolls of amnesia {unknown}
 h - 8 scrolls of identify {unknown}
 i - a scroll of remove curse {unknown}
 m - a scroll of noise {unknown}
 o - 2 scrolls of teleportation {unknown}
 t - a scroll of enchant weapon {unknown}
 u - a scroll of fear {unknown}
Potions
 d - a potion of brilliance
 e - a potion of curing
 j - a potion of resistance {unknown}
 p - 2 potions of lignification {unknown}
 s - a potion of degeneration {unknown}
 x - a potion of invisibility {unknown}
 z - a potion of cancellation {unknown}
Comestibles
 c - 2 bread rations
 k - 3 meat rations
 v - 5 chunks of flesh


   Skills:
 + Level 3.7 Fighting
 * Level 3.8 Long Blades
 - Level 1.7 Armour
 - Level 0.8 Dodging
 + Level 2.8 Invocations


You had 3 spell levels left.
You didn't know any spells.

Dungeon Overview and Level Annotations

Branches:
Dungeon (3/15)

Altars:


Innate Abilities, Weirdness & Mutations

You have a pair of small horns on your head.
You are partially covered in rugged brown scales. (AC +1, +3% HP)


Message History

The goblin is heavily wounded.
The ice beast hits you but does no damage.
You hit the ice beast but do no damage.
The ice beast is heavily wounded.
The goblin hits you.
* * * LOW HITPOINT WARNING * * *
The ice beast hits you.
* * * LOW HITPOINT WARNING * * *
The ice beast freezes you!
* * * LOW HITPOINT WARNING * * *
It was a potion of brilliance.
You feel clever all of a sudden. The goblin misses you.
You riposte.
You hit the goblin.
You kill the goblin!
Lugonu accepts your kill.
The ice beast hits you but does no damage.
It was a potion of curing.
You feel better. The ice beast hits you.
* * * LOW HITPOINT WARNING * * *
The ice beast freezes you!
You die...

# #.......
#[##.##.####.
#............ #.
###.##.##### ##.####
#.......#
##.....########.##.#
#..#.#.... ####.##.#
#.......# ........#
#..#.#..# .......)#
#...[Y..# ####.##.#
#.#.@# #.##.##
#.#.## # ##....##
#.#.# #.###...###.
#..# #.#......#.. ##
##.## #..........#
#.# ##.#
###...(..#..
#.###.## ##....###.
#.#.## #.##.# #.
#.## #.##.# #. #.#
######.##.###. #.#
#>............


You could see an ice beast.

Vanquished Creatures
  An adder (D:3)
  A gnoll (D:1)
  A worm (D:3)
  2 leopard geckos
  10 orcs (D:3)
  2 ball pythons
  3 giant cockroaches
  13 goblins
  7 hobgoblins
  2 jackals (D:1)
  2 quokkas
  10 bats
  7 frilled lizards
  5 kobolds
  6 rats
72 creatures vanquished.

Notes
Turn   | Place    | Note
-------+----------+-------------------------------------------
     0 | Abyss:1  | hilaritas the Demonspawn Abyssal Knight began the quest for the Orb.
     0 | Abyss:1  | Reached XP level 1. HP: 18/18 MP: 2/2
     6 | D:1      | Escaped the Abyss
   190 | D:1      | Gained mutation: You are partially covered in rugged brown scales. (AC +1, +3% HP) [demonic ancestry]
   190 | D:1      | Reached XP level 2. HP: 17/24 MP: 3/3
   508 | D:1      | Reached ** piety under Lugonu
   509 | D:1      | Reached XP level 3. HP: 3/29 MP: 3/5
  1903 | D:3      | Gained mutation: You have a pair of small horns on your head. [demonic ancestry]
  1903 | D:3      | Reached XP level 4. HP: 4/37 MP: 6/6
  2592 | D:3      | Reached *** piety under Lugonu
  2633 | D:3      | Noticed an ice beast
  2642 | D:3      | HP: 1/38 [ice beast (7)]
  2644 | D:3      | Slain by an ice beast

Skill      XL: |  1  2  3 |
---------------+----------+-----
Long Blades    | 2 3 |  3.8
Fighting       | |  3.7
Armour         | |  1.7
Dodging        | |  0.8
Invocations    | |  2.8

Action                   |  1- 3 |  4- 6 || total
-------------------------+-------+-------++-------
Melee: Falchion          |   126 |    51 ||   177
       Headbutt          |       |    13 ||    13
  Use: Potion            |       |     2 ||     2
  Eat: Chunk             |     3 |     3 ||     6
Armor: Leather armour    |    47 |    19 ||    66
Dodge: Dodged            |    77 |    28 ||   105
       Rpst.: Falchion   |    21 |    10 ||    31
